 Dungeon Crawl Stone Soup version 0.20-a0-16-g0876c8e (webtiles) character file.

350 sveltemanboy the Slasher (level 6, -4/47 HPs)
             Began as a Demonspawn Gladiator on Nov 3, 2016.
             Slain by an ogre
             ... wielding a +0 giant club
              (12 damage)
             ... on level 4 of the Dungeon.
             The game lasted 00:08:29 (3826 turns).

sveltemanboy the Slasher (Demonspawn Gladiator)     Turns: 3826, Time: 00:08:30

Health: -4/47      AC: 11    Str: 17    XL:     6   Next: 34%
Magic:  6/6        EV:  9    Int:  9    God:
Gold:   199        SH:  0    Dex: 16    Spells: 0 memorised, 5 levels left

rFire  . . .     SeeInvis .     a - +1 long sword
rCold  + . .     Gourm    .     h - +0 chain mail
rNeg   . . .     Faith    .     (no shield)
rPois  .         Spirit   .     (helmet restricted)
rElec  .         Reflect  .     (no cloak)
rCorr  .         Harm     .     (no gloves)
MR     .....     Clarity  +     (no boots)
Stlth  ..........               (no amulet)
                                (no ring)
                                r - ring of protection from cold

@: no status effects
A: antennae 1, rugged brown scales 3, agile 1, clarity, mutation resistance 1,
rot immunity, MP-powered wands
a: no special abilities


You were on level 4 of the Dungeon.
You were not hungry.

You visited 1 branch of the dungeon, and saw 4 of its levels.

You collected 199 gold pieces.

Inventory:

Hand Weapons
 a - a +1 long sword (weapon)
Missiles
 d - a throwing net
 n - 4 steel tomahawks (quivered)
Armour
 h - a +0 chain mail (worn)
Jewellery
 r - a ring of protection from cold (left hand)
Wands
 l - a wand of lightning (10/15)
Scrolls
 b - 4 scrolls of remove curse
 c - 2 scrolls of teleportation
 i - 6 scrolls of identify
 j - a scroll of fear
 k - a scroll of magic mapping
 m - a scroll of fog
Potions
 e - a potion of cure mutation {unknown}
 o - 2 potions of lignification
 p - a potion of brilliance
 t - a potion of might
 v - a potion of curing {unknown}
Comestibles
 f - 3 bread rations
 g - a beef jerky
 q - a slice of pizza
 s - a meat ration
 u - 2 chunks of flesh


   Skills:
 - Level 2.0 Fighting
 * Level 5.1 Long Blades
 - Level 1.7 Throwing
 + Level 2.6 Armour
 + Level 3.8 Dodging


You had 5 spell levels left.
You didn't know any spells.

Dungeon Overview and Level Annotations

Branches:
Dungeon (4/15)
 Temple: D:4-7

Altars:
Xom
Yredelemnul


Innate Abilities, Weirdness & Mutations

You are completely covered in rugged brown scales. (AC +3, +7% HP)
You are immune to rotting.
You have a pair of small antennae on your head.
You are agile. (Dex +2)
You possess an exceptional clarity of mind.
You are somewhat resistant to further mutation.
You expend magic power (3 MP) to strengthen your wands.


Message History

The ogre closely misses you.
You barely miss the ogre.
The ogre is almost dead.
The ogre closely misses you.
You hit the ogre but do no damage.
The ogre is almost dead.
The ogre hits you with a giant club!
You hit the ogre.
The ogre is almost dead.
The ogre hits you with a giant club!!
* * * LOW HITPOINT WARNING * * *
You are too injured to fight recklessly!
You barely miss the ogre.
The ogre is almost dead.
The ogre hits you with a giant club.
* * * LOW HITPOINT WARNING * * *
Your chain mail prevents you from hitting the ogre.
The ogre is almost dead.
The ogre hits you with a giant club!
You die...

#...........<.#
.#.#.#.##.
#................
#........
#####+#'#########
#.#.#.##. #...#
#.#.#.#.. #.#.#
#.#.#.#.. #.#.#
..#.#.#..
#)#.#######.#...#.#.#..
#.#...............#.#..
#+####@$....#..........
..!..(O..............#..
.....##......## ####...
.... ######.# #... ... #
#.#. .. ........#. .
###>...... #######. ...


You could see an ogre.

Vanquished Creatures
  2 crimson imps (D:3)
  An orc wizard (D:4)
  Ijyb (D:2)
  Natasha (thrice) (D:2)
  3 gnolls (D:3)
  2 adders
  3 worms (D:2)
  4 dart slugs (D:1)
  A leopard gecko (D:2)
  4 orcs
  12 bats
  A giant cockroach (D:3)
  11 goblins
  13 hobgoblins
  5 jackals (D:1)
  10 kobolds
  3 quokkas
  A ball python (D:2)
  2 frilled lizards
  4 rats
86 creatures vanquished.

Notes
Turn   | Place    | Note
-------+----------+-------------------------------------------
     0 | D:1      | sveltemanboy the Demonspawn Gladiator began the quest for the Orb.
     0 | D:1      | Reached XP level 1. HP: 16/16 MP: 1/1
   308 | D:1      | Reached skill level 3 in Long Blades
   345 | D:1      | Gained mutation: You are immune to rotting. [demonic ancestry]
   345 | D:1      | Reached XP level 2. HP: 22/22 MP: 2/2
   430 | D:1      | Reached skill level 1 in Armour
  1244 | D:1      | Gained mutation: You are partially covered in rugged brown scales. (AC +1, +3% HP) [demonic ancestry]
  1244 | D:1      | Reached XP level 3. HP: 20/27 MP: 3/3
  1759 | D:2      | Noticed Ijyb
  1773 | D:2      | Killed Ijyb
  1773 | D:2      | Reached XP level 4. HP: 21/33 MP: 4/4
  1781 | D:2      | Gained mutation: You expend magic power (3 MP) to strengthen your wands. [potion of mutation]
  1781 | D:2      | Gained mutation: You are mostly covered in rugged brown scales. (AC +2, +5% HP) [potion of mutation]
  1781 | D:2      | Gained mutation: You have a pair of small antennae on your head. [potion of mutation]
  1993 | D:2      | Gained mutation: You possess an exceptional clarity of mind. [potion of mutation]
  1993 | D:2      | Gained mutation: You are agile. (Dex +2) [potion of mutation]
  1993 | D:2      | Gained mutation: You are somewhat resistant to further mutation. [potion of mutation]
  2160 | D:2      | Noticed Natasha
  2169 | D:2      | Reached skill level 4 in Long Blades
  2182 | D:2      | Killed Natasha
  2464 | D:2      | Found a basalt altar of Yredelemnul.
  2643 | D:2      | Noticed Natasha
  2659 | D:2      | Killed Natasha
  2659 | D:2      | Gained mutation: You are completely covered in rugged brown scales. (AC +3, +7% HP) [demonic ancestry]
  2659 | D:2      | Reached XP level 5. HP: 32/40 MP: 5/5
  2855 | D:2      | Noticed Natasha
  2865 | D:2      | Killed Natasha
  3635 | D:3      | Found a shimmering altar of Xom.
  3649 | D:3      | Mutation became permanent: You are completely covered in rugged brown scales. (AC +3, +7% HP) [demonic ancestry]
  3649 | D:3      | Reached XP level 6. HP: 47/47 MP: 6/6
  3663 | D:3      | Reached skill level 5 in Long Blades
  3826 | D:4      | Slain by an ogre

Vault maps used:
D:1:      kilobyte_arrival_exit_the_forest, minmay_pentomino_w4
D:2:      yredelemnul_altar_generic, minmay_crystal_water, uniq_iyjb,
          uniq_natasha
D:3:      led_xom_imps
D:4:      overflow_temple_1_default, minitemple, serial_shops, shop

Skill      XL: |  1  2  3  4  5  6 |
---------------+-------------------+-----
Long Blades    | 3 4 5 |  5.1
Armour         | 1 2 |  2.6
Dodging        | 3 |  3.8
Fighting       | |  2.0
Throwing       | |  1.7

Action                   |  1- 3 |  4- 6 || total
-------------------------+-------+-------++-------
Melee: Long sword        |   150 |   179 ||   329
Throw: Throwing net      |       |     3 ||     3
       Tomahawk          |       |     1 ||     1
  Use: Potion            |       |     5 ||     5
       Scroll            |       |    10 ||    10
 Stab: Held in net/web   |       |     1 ||     1
  Eat: Chunk             |     3 |     7 ||    10
Armor: Leather armour    |     8 |       ||     8
       Chain mail        |    83 |    84 ||   167
Dodge: Dodged            |    81 |    75 ||   156
       Rpst.: Long sword |    24 |    16 ||    40
